 Dungeon Crawl Stone Soup version 0.31.0-32-g396128a36d (webtiles) character file.

Game seed: 13400799534222751667

217 Fodor the Shield-Bearer (level 5, 0/47 HPs)
             Began as a Minotaur Fighter on Apr 5, 2024.
             Succumbed to a gnoll's poison
             ... on level 3 of the Dungeon.
             The game lasted 00:05:42 (2270 turns).

Fodor the Shield-Bearer (Minotaur Fighter)          Turns: 2270, Time: 00:05:43

Health: 0/47       AC: 12    Str: 23    XL:     5   Next: 61%
Magic:  4/4        EV:  6    Int:  5    God:
Gold:   149        SH:  0    Dex:  9    Spells: 4/4 levels left

rFire   . . .        a - +0 war axe
rCold   . . .        (no shield)
rNeg    . . .        i - +0 plate armour
rPois   .            (helmet restricted)
rElec   .            (no cloak)
rCorr   .            (no gloves)
SInv    .            (no boots)
Will    .....        (no amulet) Stlth
                     (no ring)
HPRegen 0.27/turn    (no ring)
MPRegen 0.09/turn

%: no passive effects
@: lethally poisoned (0 -> -8)
A: horns 2, retaliatory headbutt
a: no special abilities


You were on level 3 of the Dungeon.
You visited 1 branch of the dungeon, and saw 3 of its levels.

You collected 149 gold pieces.

Inventory:

Hand Weapons
 a - a +0 war axe (weapon)
Missiles
 h - 4 boomerangs (quivered)
Armour
 b - a +0 scale mail
 i - a +0 plate armour (worn)
Scrolls
 c - 2 scrolls of identify {unknown}
 j - a scroll of enchant armour {unknown}
 l - a scroll of summoning {unknown}
 n - a scroll of fog {unknown}
Potions
 d - 2 potions of might
 e - a potion of brilliance
 f - a potion of attraction {unknown}
 g - a potion of enlightenment
 k - a potion of lignification {unknown}
 m - a potion of ambrosia {unknown}
 o - a potion of heal wounds {unknown}


   Skills:
 + Level 4.5 Fighting
 + Level 4.6 Axes
 + Level 4.7 Armour
 + Level 0.7 Dodging
 + Level 5.0 Shields


You had 4 spell levels left.
You didn't know any spells.
Your spell library contained the following spells:

 Spells                   Type           Power      Damage    Failure   Level
 Shock                    Conj/Air       0%         1d3       100%        1
 Fugue of the Fallen      Necr           0%         N/A       100%        3
 Inner Flame              Hex/Fire       0%         N/A       100%        3
 Ozocubu's Armour         Ice            0%         N/A       100%        3
 Swiftness                Air            0%         N/A       100%        3
 Airstrike                Air            0%         2d(0-16)  100%        4
 Flame Wave               Conj/Fire      0%         2d4       100%        4
 Manifold Assault         Tloc           0%         N/A       100%        4
 Sticky Flame             Fire/Alch      0%         2d4       100%        4


Dungeon Overview and Level Annotations

Branches:
Dungeon (3/15)

Altars:
Cheibriados
Kikubaaqudgha
Okawaru


Innate Abilities, Weirdness & Mutations

You have a pair of horns on your head.
You reflexively headbutt those who attack you in melee.


Message History

You kill the gnoll!
You hit the gnoll. You barely miss the gnoll.
The gnoll is heavily wounded.
The gnoll hits you but does no damage.
You closely miss the gnoll. You headbutt the gnoll.
You kill the gnoll!
The gnoll barely misses you. The gnoll hits you but does no damage.
The gnoll hits you but does no damage.
Items here: $ ( )) †.
The gnoll barely misses you. The bombardier beetle bites you.
The gnoll hits you from afar with a +0 spear.
The gnoll completely misses you. The gnoll hits you but does no damage.
You are poisoned.
You barely miss the gnoll. You hit the bombardier beetle.
You feel sick. The gnoll hits you with a +0 halberd!
* * * LOW HITPOINT WARNING * * *
The gnoll hits you but does no damage.
The gnoll hits you from afar with a +2 spear of venom.
* * * LOW HITPOINT WARNING * * *
The bombardier beetle bites you but does no damage.
You slash the gnoll!
You kill the gnoll!
You hit the bombardier beetle.
* * * LOW HITPOINT WARNING * * *
You feel sick. The gnoll closely misses you.
The gnoll hits you but does no damage.
* * * LOW HITPOINT WARNING * * *
You feel sick.
The gnoll hits you but does no damage. x2
You are lethally poisoned!
The bombardier beetle bites you.
* * * LOW HITPOINT WARNING * * *
Things that are here:
a +0 halberd; a gnoll corpse Unknown command.
Welcome back, Fodor the Minotaur Fighter.
Press ? for a list of commands and other information.
Unknown command.
You die...

##.P.P...P P #
#..P.P._.P.P #
#'#..P.P...P.P.#
.....P.......P.#
.....P.PPPPP.P.
.......g.....
......gB..# #.#
#.###)..#####.#
#.....@$†...#.#
#####...[(..#.#
#...........#.#
#...........#.#
#.........###.#
#.............#
#........####.#
##########
#.####
#######....##


You could see a bombardier beetle and 2 gnolls.

Vanquished Creatures
  An orc priest (D:3)
  Terence (D:2)
  5 gnolls (D:3)
  3 adders
  5 dart slugs
  2 orcs (D:3)
  4 endoplasms
  4 giant cockroaches
  4 goblins
  12 hobgoblins
  6 jackals
  A quokka (D:1)
  5 ball pythons
  6 bats
  A frilled lizard (D:1)
  7 kobolds
  9 rats
76 creatures vanquished.

Notes
Turn   | Place    | Note
-------+----------+-------------------------------------------
     0 | D:1      | Fodor the Minotaur Fighter began the quest for the Orb.
     0 | D:1      | Reached XP level 1. HP: 19/19 MP: 0/0
    19 | D:1      | Reached skill level 4 in Shields
    75 | D:1      | Reached XP level 2. HP: 27/27 MP: 1/1
   363 | D:1      | Reached XP level 3. HP: 33/33 MP: 2/2
  1086 | D:2      | Noticed Terence
  1088 | D:2      | Killed Terence
  1089 | D:2      | Reached XP level 4. HP: 34/40 MP: 3/3
  1846 | D:3      | Found a snail-covered altar of Cheibriados.
  1937 | D:3      | Reached XP level 5. HP: 24/46 MP: 4/4
  2066 | D:3      | Found an ancient bone altar of Kikubaaqudgha.
  2237 | D:3      | Found an iron altar of Okawaru.
  2256 | D:3      | Reached skill level 5 in Shields
  2269 | D:3      | HP: 2/47 [poisoned by a gnoll]
  2270 | D:3      | Succumbed to a gnoll's poison

Illustrated notes

Levels and vault maps discovered:
D:1:      tarquinn_simple_flora_water_b, layout_basic
D:2:      layout_loops_corners, minmay_pentomino_p4, uniq_terence
D:3:      layout_basic, kiku_gazebo_garden_becter, mainiacjoe_overflow_alcove_2,
          mainiacjoe_overflow_cross_hatched, nemelex_xobeh_ov_fountains_minmay,
          st_stairs_9

Skill      XL: |  1  2  3  4  5 |
---------------+----------------+-----
Shields        | 4 5 |  5.0
Armour         | 4 |  4.7
Fighting       | 4 |  4.5
Axes           | 3 4 |  4.6
Dodging        | |  0.7

Action                     |  1- 3 |  4- 6 || total
---------------------------+-------+-------++-------
  Melee: War axe           |    76 |    54 ||   130
         Headbutt          |     7 |     6 ||    13
    Use: Potion            |       |     3 ||     3
 Armour: Scale mail        |    61 |     6 ||    67
         Plate armour      |       |    83 ||    83
  Dodge: Dodged            |    47 |    39 ||    86
  Block: Buckler           |    18 |     1 ||    19
